 Dungeon Crawl Stone Soup version 0.24-a0-91-g4e4936a (webtiles) character file.

Game seed: 1063196754109003086

2093 brasw1bg the Quickloader (level 9, -1/67 HPs)
             Began as a Formicid Hunter on Feb 8, 2019.
             Slain by an orc knight
             ... wielding a +0 war axe
              (19 damage)
             ... in a bailey.
             The game lasted 00:09:59 (5835 turns).

brasw1bg the Quickloader (Formicid Hunter)          Turns: 5835, Time: 00:09:59

Health: -1/67      AC: 14    Str: 19    XL:     9   Next: 52%
Magic:  9/9        EV:  8    Int: 11    God:
Gold:   257        SH:  4    Dex: 14    Spells: 8/8 levels left

rFire    + . .     SeeInvis +   a - +1 hand crossbow
rCold    . . .     Gourm    .   h - +0 buckler
rNeg     . . .     Faith    .   H - +2 chain mail of the Evening {Dex+2}
rPois    .         Spirit   .   (helmet unavailable)
rElec    .         Reflect  .   j - +2 cloak
rCorr    .         Harm     .   (no gloves)
MR       .....                  (no boots)
Stlth    ..........             (no amulet)
HPRegen  0.21/turn              A - ring of protection from fire
MPRegen  0.11/turn              p - ring of flight

@: no status effects
A: permanent stasis, dig shafts and tunnels, four strong arms, antennae 3
a: Dig, Shaft Self, Evoke Flight


You were in a bailey.
You were not hungry.

You visited 1 branch of the dungeon, and saw 7 of its levels.
You also visited: Bailey.

You collected 257 gold pieces.

Inventory:

Hand Weapons
 a - a +1 hand crossbow (weapon)
 b - a +1 quarterstaff of draining
 D - a +0 short sword
Missiles
 d - 15 bolts (quivered)
Armour
 c - a +0 leather armour
 h - a +0 buckler (worn)
 j - a +2 cloak (worn)
 y - a +0 chain mail
 H - the +2 chain mail of the Evening (worn) {Dex+2}
   (You found it on level 6 of the Dungeon)

   It affects your dexterity (+2).
Jewellery
 p - a ring of flight (right hand)
 t - an uncursed amulet of faith {unknown}
 u - an uncursed ring of fire
 A - a ring of protection from fire (left hand)
 E - a +3 ring of strength
Wands
 k - a wand of iceblast (10)
 q - a wand of enslavement (8)
Scrolls
 e - 5 scrolls of remove curse
 n - 4 scrolls of identify {unknown}
 o - 2 scrolls of fear {unknown}
 r - 2 scrolls of blinking {unknown}
 G - a scroll of enchant weapon {unknown}
Potions
 g - a potion of ambrosia
 i - 2 potions of degeneration {unknown}
 l - 2 potions of brilliance {unknown}
 m - a potion of magic {unknown}
 s - 4 potions of heal wounds {unknown}
 v - 3 potions of might {unknown}
 w - 2 potions of haste
 x - a potion of flight {unknown}
 z - a potion of curing {unknown}
 B - 2 potions of lignification {unknown}
 C - a potion of mutation {unknown}
 F - a potion of cancellation {unknown}
Comestibles
 f - 13 rations
 I - 6 chunks of flesh


   Skills:
 + Level 4.9 Fighting
 * Level 4.4 Staves
 - Level 10.0 Crossbows
 + Level 3.8 Armour
 - Level 1.7 Dodging
 - Level 1.2 Stealth
 - Level 2.4 Shields


You had 8 spell levels left.
You didn't know any spells.
Your spell library contained the following spells:

 Spells                   Type           Power        Failure   Level  Hunger
 Animate Skeleton         Necr           N/A          99%         1    ##.....
 Apportation              Tloc           #.....       99%         1    ##.....
 Confusing Touch          Hex            #.....       99%         1    ##.....
 Summon Small Mammal      Summ           #...         99%         1    ##.....


Dungeon Overview and Level Annotations

Branches:
Dungeon (7/15)             Temple (0/1) D:7

Altars:
Cheibriados
Elyvilon
Yredelemnul

Shops:
D:4 (


Innate Abilities, Weirdness & Mutations

You cannot be hasted, slowed, berserked, paralysed or teleported.
You can dig through walls and to a lower floor.
Your four strong arms can wield two-handed weapons with a shield.
You have a pair of large antennae on your head. (SInv)


Message History

You block the gnoll's attack.
The orc knight hits you with a +0 war axe!
* * * LOW HITPOINT WARNING * * *
The kobold barely misses you.
Firing (i - inventory)
d - 17 bolts (quivered)
Press: ? - help, Shift-Dir - straight line, f/p - orc knight
Aim: an orc knight, wielding a +0 war axe and wearing a +0 plate armour (almost dead)
You shoot a bolt. The bolt barely misses the orc knight.
The gnoll closely misses you.
The orc knight hits you but does no damage.
The kobold closely misses you.
Unknown command.
Firing (i - inventory)
d - 16 bolts (quivered)
Press: ? - help, Shift-Dir - straight line, f/p - orc knight
Aim: an orc knight, wielding a +0 war axe and wearing a +0 plate armour (almost dead)
You shoot a bolt. The bolt hits the orc knight.
The orc knight is almost dead.
The gnoll closely misses you. The kobold misses you.
The orc knight hits you with a +0 war axe!!
You die...

##....# ≈o#####≈{##...(##♣
#......####...####(.....##
......(..................#
..8..8)((........).8..8..#
......)....(.....).......#
#.....(..........(......##
##...8...##''(##...8...##
##.....##.Ko..##.....##
##...##..@g...##...##
#####.........#####
≈≈≈≈....∩....≈≈≈
≈≈≈≈.........≈≈≈
♣♣♣♣♣♣♣.∩.♣♣♣♣♣♣♣ ♣♣♣♣♣


You could see an orc knight, a gnoll and a kobold.

Vanquished Creatures
  Duvessa (D:5)
  2 phantoms (D:4)
  2 sky beasts
  2 ogres
  4 centaurs
  2 bullfrogs (D:6)
  Dowan (D:5)
  3 scorpions
  A howler monkey (D:6)
  2 crimson imps
  A centaur zombie (D:7)
  2 hounds
  4 orc priests
  A centaur skeleton (D:5)
  2 iguanas
  2 orc wizards (D:6)
  5 worker ants
  A hound zombie (D:5)
  A hound skeleton (D:7)
  5 adders
  4 gnolls
  2 oozes
  2 adder skeletons
  3 adder zombies (D:5)
  A worm (D:5)
  4 dart slugs (D:1)
  A leopard gecko (D:1)
  16 orcs
  7 bats
  4 giant cockroaches (D:5)
  9 goblins
  6 hobgoblins
  6 jackals
  15 kobolds
  5 quokkas
  4 ball pythons
  A ball python skeleton (D:4)
  8 frilled lizards
  A leopard gecko zombie (D:6)
  6 rats
149 creatures vanquished.

Vanquished Creatures (others)
  A ball python (D:2)
  A bat (D:2)
2 creatures vanquished.

Grand Total: 151 creatures vanquished

Notes
Turn   | Place    | Note
-------+----------+-------------------------------------------
     0 | D:1      | brasw1bg the Formicid Hunter began the quest for the Orb.
     0 | D:1      | Reached XP level 1. HP: 16/16 MP: 1/1
     8 | D:1      | Reached XP level 2. HP: 22/22 MP: 2/2
   104 | D:1      | Reached XP level 3. HP: 23/27 MP: 3/3
   277 | D:1      | Reached skill level 5 in Crossbows
   603 | D:2      | Reached XP level 4. HP: 26/33 MP: 4/4
   716 | D:2      | Found a white marble altar of Elyvilon.
  1271 | D:3      | Reached skill level 1 in Shields
  1810 | D:3      | Found a basalt altar of Yredelemnul.
  1964 | D:3      | Reached XP level 5. HP: 38/38 MP: 5/5
  1968 | D:3      | Reached skill level 6 in Crossbows
  2408 | D:4      | Reached XP level 6. HP: 44/44 MP: 6/6
  2638 | D:4      | Reached skill level 7 in Crossbows
  2729 | D:4      | Noticed a phantom
  2748 | D:4      | Killed a phantom
  2748 | D:4      | Reached XP level 7. HP: 43/50 MP: 7/7
  3103 | D:4      | Found Emiar's Antique Weapon Boutique.
  3128 | D:4      | Reached skill level 8 in Crossbows
  3551 | D:5      | Entered Level 5 of the Dungeon
  3656 | D:5      | Reached XP level 8. HP: 56/56 MP: 8/8
  3798 | D:5      | Reached skill level 9 in Crossbows
  3809 | D:5      | Found a snail-covered altar of Cheibriados.
  4035 | D:5      | Noticed Dowan
  4035 | D:5      | Noticed Duvessa
  4051 | D:5      | Killed Duvessa
  4060 | D:5      | Killed Dowan
  4604 | D:6      | Reached skill level 10 in Crossbows
  4656 | D:6      | Reached skill level 1 in Armour
  4820 | D:6      | Reached skill level 1 in Staves
  5100 | D:6      | Reached XP level 9. HP: 63/65 MP: 9/9
  5371 | D:6      | Got a scorched chain mail
  5382 | D:6      | Identified the +2 chain mail of the Evening {Dex+2} (You
                  | found it on level 6 of the Dungeon)
  5715 | D:7      | Found a flagged portal.
  5731 | Bailey   | Entered a bailey
  5736 | Bailey   | Noticed an orc warlord
  5792 | Bailey   | Noticed an orc knight
  5835 | Bailey   | Slain by an orc knight

Levels and vault maps discovered:
D:1:      ebering_trefoil_3fold, layout_rooms, item_on_display_a
D:2:      layout_rooms, elyvilon_altar_4
D:3:      layout_basic, yredelemnul_altar_generic
D:4:      layout_basic, first_ration, serial_shops,
          nicolae_shop_overgrown_old_shop
D:5:      layout_basic, serial_undead, serial_undead_a, serial_undead_b,
          serial_undead_e, serial_undead_c, chei_slow_surprise, uniq_duvessa
D:6:      layout_basic
D:7:      layout_basic, grunt_temple_overflow_open, temple_fountains,
          enter_bailey_3
Bailey:   bailey_axe_bossmonster_kennysheep, bailey

Skill      XL: |  1  2  3  4  5  6  7  8  9 |
---------------+----------------------------+-----
Crossbows      | 5 6 7 8 10 | 10.0
Shields        | 1 2 |  2.4
Fighting       | 3 4 |  4.9
Armour         | 2 3 |  3.8
Staves         | 2 4 |  4.4
Dodging        | |  1.7
Stealth        | |  1.2

Action                   |  1- 3 |  4- 6 |  7- 9 || total
-------------------------+-------+-------+-------++-------
Melee: Quarterstaff      |       |       |    84 ||    84
       Hand crossbow     |       |       |     1 ||     1
 Fire: Hand crossbow     |    72 |   131 |   234 ||   437
  Use: Scroll            |       |       |     3 ||     3
       Potion            |       |       |     1 ||     1
  Eat: Chunk             |       |     5 |    10 ||    15
Armor: Leather armour    |    12 |    11 |       ||    23
       Chain mail        |       |    11 |   118 ||   129
Dodge: Dodged            |    19 |    23 |   102 ||   144
Block: Buckler           |       |     7 |    51 ||    58

Table legend:
 A = Non-vault XP
 B = Vault XP
 C = Vault XP percentage of total XP
 D = Non-vault monster count
 E = Vault monster count
 F = Vault count percentage of total count
                 A         B        C        D         E       F
            +---------+---------+-------+---------+---------+-------
      Total |    2666 |     325 |  10.9 |     128 |      21 |  14.1
            +---------+---------+-------+---------+---------+-------
        D:1 |      42 |       0 |   0.0 |      20 |       0 |   0.0
        D:2 |      44 |       0 |   0.0 |      14 |       0 |   0.0
        D:3 |     101 |       0 |   0.0 |      25 |       0 |   0.0
        D:4 |     702 |       0 |   0.0 |      20 |       0 |   0.0
        D:5 |     313 |     287 |  47.8 |      18 |       7 |  28.0
        D:6 |     759 |       0 |   0.0 |      20 |       0 |   0.0
        D:7 |     705 |       6 |   0.8 |      11 |       3 |  21.4
     Bailey |       0 |      32 | 100.0 |       0 |      11 | 100.0
            +---------+---------+-------+---------+---------+-------
